 Dungeon Crawl Stone Soup version 0.23-a0-389-g4a5eb33 (webtiles) character file.

82 sleepydude the Shield-Bearer (level 4, -1/40 HPs)
             Began as a Minotaur Fighter on Oct 29, 2018.
             Slain by Sigmund
             ... wielding a +0 scythe
              (9 damage)
             ... on level 2 of the Dungeon.
             The game lasted 00:01:54 (994 turns).

sleepydude the Shield-Bearer (Minotaur Fighter)      Turns: 994, Time: 00:01:55

Health: -1/40      AC:  8    Str: 22    XL:     4   Next: 21%
Magic:  3/3        EV:  8    Int:  5    God:
Gold:   49         SH:  9    Dex:  9    Spells: 3/3 levels left

rFire    . . .     SeeInvis .   a - +0 flail
rCold    . . .     Gourm    .   c - +0 shield
rNeg     . . .     Faith    .   b - +0 scale mail
rPois    .         Spirit   .   (helmet restricted)
rElec    .         Reflect  .   g - +0 cloak
rCorr    .         Harm     .   (no gloves)
MR       .....                  (no boots)
Stlth    ..........             (no amulet)
HPRegen  0.13/turn              (no ring)
MPRegen  0.08/turn              (no ring)

@: no status effects
A: retaliatory headbutt, horns 2
a: no special abilities


You were on level 2 of the Dungeon.
You were hungry.

You visited 1 branch of the dungeon, and saw 2 of its levels.

You collected 49 gold pieces.

Inventory:

Hand Weapons
 a - a +0 flail (weapon)
Armour
 b - a +0 scale mail (worn)
 c - a +0 shield (worn)
 g - a +0 cloak (worn)
Scrolls
 e - a scroll of enchant armour {unknown}
 h - 4 scrolls of remove curse {unknown}
 i - a scroll of teleportation {unknown}
 j - a scroll of identify {unknown}
Potions
 d - 2 potions of might
 k - a potion of invisibility {unknown}
 l - a potion of curing {unknown}
Comestibles
 f - 6 rations


   Skills:
 + Level 3.8 Fighting
 + Level 3.4 Maces & Flails
 + Level 4.1 Armour
 + Level 1.0 Dodging
 + Level 4.8 Shields


You had 3 spell levels left.
You didn't know any spells.
Your spell library was empty.

Dungeon Overview and Level Annotations

Branches:
Dungeon (2/15)

Altars:

Annotations:
D:2 Sigmund


Innate Abilities, Weirdness & Mutations

You reflexively headbutt those who attack you in melee.
You have a pair of horns on your head.


Message History

You thump something! Your headbutt misses something. Something hits you.
You closely miss something. You barely miss something.
You block something's attack.
You barely miss something. You block something's attack.
You sock something! Your headbutt misses something. Something hits you.
You closely miss something. Something hits you.
You barely miss something. Something hits you!
You barely miss something. You miss something. Your headbutt misses something.
Something hits you.
* * * LOW HITPOINT WARNING * * *
You closely miss something. Something hits you.
* * * LOW HITPOINT WARNING * * *
You closely miss something. Your headbutt misses something.
You hear some strange, mumbled words.
A magic dart appears from out of thin air!
The magic dart hits you!
* * * LOW HITPOINT WARNING * * *
You are feeling hungry.
You miss something. Something hits you!
You die...

............# #..####
###........#.# #..<...
...../.......###.#####
#....$..?....... # #
#... #..............
#.#... #.....###.###.#
#.#... #..#..###.###.#
#..... #.{##...>.....
#...... #.@.......###
#...... #.######### .
#...######.#......
...#............####
#.................#
#####..#####.####.#
###.)#.....####.#
#...............#
#...##[##########


There were no monsters in sight!

Vanquished Creatures
  Jessica (D:2)
  Terence (D:2)
  An ooze (D:1)
  A worm (D:2)
  A dart slug (D:2)
  A goblin (D:2)
  7 jackals (D:1)
  3 ball pythons (D:1)
  2 bats (D:1)
  3 frilled lizards
  2 kobolds
  2 rats
25 creatures vanquished.

Notes
Turn   | Place    | Note
-------+----------+-------------------------------------------
     0 | D:1      | sleepydude the Minotaur Fighter began the quest for the
                  | Orb.
     0 | D:1      | Reached XP level 1. HP: 19/19 MP: 0/0
   465 | D:1      | Reached XP level 2. HP: 26/26 MP: 1/1
   842 | D:2      | Reached XP level 3. HP: 30/33 MP: 2/2
   899 | D:2      | Noticed Jessica
   899 | D:2      | Noticed Terence
   905 | D:2      | Killed Terence
   908 | D:2      | Killed Jessica
   908 | D:2      | Reached XP level 4. HP: 32/40 MP: 3/3
   925 | D:2      | Reached skill level 1 in Dodging
   964 | D:2      | Noticed Sigmund
   994 | D:2      | Slain by Sigmund

Vault maps used:
D:1:      minmay_arrival_arboretum_small, st_stairs_13
D:2:      nicolae_overflow_crystal_walls, uniq_sigmund, uniq_terence,
          uniq_jessica

Skill      XL: |  1  2  3  4 |
---------------+-------------+-----
Shields        | 4 |  4.8
Maces & Flails | 3 |  3.4
Armour         | 4 |  4.1
Dodging        | 1 |  1.0
Fighting       | |  3.8

Action                   |  1- 3 |  4- 6 || total
-------------------------+-------+-------++-------
Melee: Flail             |    81 |    17 ||    98
       Headbutt          |    10 |     1 ||    11
Armor: Scale mail        |    58 |     3 ||    61
Dodge: Dodged            |    33 |     1 ||    34
Block: Shield            |    65 |     2 ||    67

Table legend:
 A = Non-vault XP
 B = Vault XP
 C = Vault XP percentage of total XP
 D = Non-vault monster count
 E = Vault monster count
 F = Vault count percentage of total count
                 A         B        C        D         E       F
            +---------+---------+-------+---------+---------+-------
      Total |      43 |      75 |  63.6 |      21 |       4 |  16.0
            +---------+---------+-------+---------+---------+-------
        D:1 |      28 |       2 |   6.7 |      15 |       2 |  11.8
        D:2 |      15 |      73 |  83.0 |       6 |       2 |  25.0
            +---------+---------+-------+---------+---------+-------
